 Dungeon Crawl Stone Soup version 0.29.1-13-g9f3cf754e1 (webtiles) character file.

Game seed: 1690699804081601487

9405 LFb77KmH the Cruncher (level 11, -2/93 (94) HPs)
             Began as a Minotaur Gladiator on Feb 10, 2023.
             Was a High Priest of Sif Muna.
             Blown up by an eye of devastation (7 damage)
             ... with a bolt of energy
             ... while petrified by a basilisk
             ... on level 10 of the Dungeon.
             The game lasted 01:50:56 (10626 turns).

LFb77KmH the Cruncher (Minotaur Gladiator)         Turns: 10626, Time: 01:50:58

HP:   -2/93 (94)    AC: 17    Str: 28    XL:     11   Next: 22%
MP:   10/10         EV:  2    Int:  5    God:    Sif Muna [*****.]
Gold: 549           SH:  0    Dex: 13    Spells: 6/10 levels left

rFire   + . .      SeeInvis +   O - +4 quarterstaff (chaos)
rCold   . . .      Faith    .   (shield currently unavailable)
rNeg    + + +      Spirit   .   M - +2 scale mail {rF+}
rPois   ∞          Reflect  +   c - +0 hat
rElec   .          Harm     .   V - +2 cloak
rCorr   .          Rampage  .   x - +0 pair of gloves
Will    .....                   C - +0 pair of boots
Stlth   +.........              D - amulet of reflection
HPRegen 0.25/turn               y - ring of see invisible
MPRegen 0.12/turn               U - +6 ring of strength

@: petrified, studying Throwing, lightly drained
A: horns 2, retaliatory headbutt
a: Renounce Religion, Channel Magic, Forget Spell, Divine Exegesis


You were on level 10 of the Dungeon.
You worshipped Sif Muna.
Sif Muna was extremely pleased with you.
You visited 2 branches of the dungeon, and saw 11 of its levels.
You also visited: Sewer.

You collected 549 gold pieces.

Inventory:

Hand Weapons
 a - a +6 dagger
 b - a +2 rapier of venom
 i - a +2 hammer of protection
 q - a +2 quarterstaff of draining
 I - a +2 trident
 O - a +4 quarterstaff of chaos (weapon)
 S - a +2 whip of electrocution
Missiles
 d - 2 throwing nets (quivered)
 h - 2 datura-tipped darts
 z - 4 poisoned darts
 N - 3 atropa-tipped darts
 T - a curare-tipped dart
Armour
 c - a +0 hat (worn)
 x - a +0 pair of gloves (worn)
 B - +0 swamp dragon scales
 C - a +0 pair of boots (worn)
 M - a +2 scale mail of fire resistance (worn)
 R - a +0 plate armour
 V - a +2 cloak (worn)
 X - +0 steam dragon scales
Magical Staves
 l - a staff of earth
 Q - a staff of poison
Jewellery
 y - a ring of see invisible (left hand)
 D - an amulet of reflection (around neck)
 U - a +6 ring of strength (right hand)
 W - an amulet of guardian spirit
Wands
 e - a wand of mindburst (16)
 A - a wand of digging (1)
 E - a wand of polymorph (16)
 L - a wand of acid (14)
Scrolls
 f - a scroll of enchant weapon {unknown}
 g - a scroll of brand weapon {unknown}
 j - 10 scrolls of teleportation
 p - 2 scrolls of blinking
 r - 2 scrolls of poison
 s - a scroll of torment
 t - a scroll of identify
 w - a scroll of vulnerability {unknown}
 H - a scroll of immolation {unknown}
 P - a scroll of butterflies {unknown}
Potions
 k - 2 potions of heal wounds
 m - 3 potions of curing
 n - a potion of flight
 o - 2 potions of brilliance
 u - a potion of lignification {unknown}
 v - a potion of attraction
 F - a potion of might {unknown}
 G - 4 potions of haste
 J - a potion of invisibility
 K - 2 potions of ambrosia {unknown}


   Skills:
 + Level 8.1 Fighting
 + Level 5.1 Axes
 + Level 12.9 Staves
 + Level 4.4 Throwing
 + Level 9.8 Armour
 + Level 6.5 Dodging
 + Level 1.9 Stealth
 + Level 4.7 Shields
 + Level 1.2 Invocations
 + Level 2.1 Evocations


You had 6 spell levels left.
You knew the following spells:

 Your Spells              Type           Power      Damage    Failure   Level
a - Airstrike             Air            0%         2d(0-16)  100%        4

Your spell library contained the following spells:

 Spells                   Type           Power      Damage    Failure   Level
 Shock                    Conj/Air       0%         1d3       71%         1
 Swiftness                Air            0%         N/A       97%         3
 Animate Dead             Necr           0%         N/A       100%        4
 Olgreb's Toxic Radiance  Pois           0%         N/A       100%        4
 Borgnjor's Vile Clutch   Necr/Erth      0%         N/A       100%        5
 Death Channel            Necr           0%         N/A       100%        6
 Malign Gateway           Summ/Tloc      0%         N/A       100%        7
 Ozocubu's Refrigeration  Ice            0%         4d7       100%        7
 Ignition                 Fire           0%         3d3       100%        8
 Summon Horrible Things   Summ           0%         N/A       100%        8


Dungeon Overview and Level Annotations

Branches:
Dungeon (10/15)            Temple (1/1) D:5           Sewer (visited)
   Lair: D:8-11         Orc: D:9-12

Altars:
Ashenzari
Cheibriados
Dithmenos
Elyvilon
Fedhas
Gozag
Hepliaklqana
Kikubaaqudgha
Makhleb
Nemelex Xobeh
Okawaru
Qazlal
Ru
Sif Muna
Trog
Uskayaw
Vehumet
Wu Jian
Xom
Yredelemnul
Zin
The Shining One

Annotations:
D:9 exclusion: oklob plant


Innate Abilities, Weirdness & Mutations

You have a pair of horns on your head.
You reflexively headbutt those who attack you in melee.


Message History

The basilisk gazes at you. You resist with some effort.
The orc warrior barely misses you. The eye of devastation gazes at you.
The bolt of energy hits you!! The howler monkey barely misses you.
Your limbs are stiffening.
You sock the eye of devastation!
The eye of devastation looks as sick as possible!
You headbutt the eye of devastation.
The eye of devastation is heavily wounded.
The basilisk bites you!
The orc warrior hits you from afar with a +0 halberd!
The howler monkey hits you but does no damage.
You have turned to stone.
The basilisk bites you but does no damage.
The orc warrior hits you from afar with a +0 halberd.
The howler monkey hits you but does no damage.
The howler monkey hoots and howls with incredible vigour!
The basilisk gazes at you.
The orc warrior hits you from afar with a +0 halberd.
You hear a shout!
You hear a roar!
You hear a shout!
You hear two shouts!
The howler monkey hits you but does no damage.
The basilisk bites you!
* * * LOW HITPOINT WARNING * * *
The orc warrior hits you but does no damage.
The howler monkey hits you but does no damage.
The basilisk bites you but does no damage.
The orc warrior hits you from afar with a +0 halberd!
* * * LOW HITPOINT WARNING * * *
The eye of devastation gazes at you. The bolt of energy hits you!!
* * * LOW HITPOINT WARNING * * *
The howler monkey hoots and howls with incredible vigour!
You hear two shouts!
You hear a shout!
The basilisk gazes at you.
The orc warrior hits you from afar with a +0 halberd!
* * * LOW HITPOINT WARNING * * *
The howler monkey hoots and howls with incredible vigour!
The eye of devastation gazes at you. The bolt of energy hits you!
You die...

......###......#
.....##.#.... #...##.#..#
.}# #.........#### ..
#....#.)..#.$# . ..
###.#........# ... ..
#.........###!... .# #
#)...###..l...## .#
#.###.)...#..@ho...#
.###......#..#..#G.#.!#
.<#####...#######..# ##
##._K# ..#...#...#..#
#..#. .#... ..#.#.#......#
.... .... #...#.#.....###.
....###..K
+...#............###......
#.#.####......... ....O
#.#.#####......# #.c# .


You could see an eye of devastation (fast, very poisoned), a basilisk, an orc
warrior and a howler monkey.

Vanquished Creatures
  A two-headed ogre (D:10)
  An anaconda (shapeshifter) (D:8)
  A yaktaur (D:10)
  A kobold demonologist (D:10)
  A hornet (D:9)
  A troll (D:9)
  2 wyverns
  8 yaks
  A wraith (D:10)
  A vampire mosquito (D:5)
  A steam dragon (D:10)
  A water moccasin (D:9)
  5 orc warriors
  3 ice beasts
  2 black bears
  2 ogres (D:5)
  3 centaurs
  2 phantoms
  2 bullfrogs
  3 necrophages
  Blork the orc (D:4)
  5 scorpions
  9 wights (D:9)
  28 killer bees
  4 howler monkeys
  8 jellies
  Crazy Yiuf (D:7)
  4 orc priests
  A gnoll bouda (D:9)
  A hound (D:5)
  An iron imp (D:5)
  Jessica (D:3)
  5 iguanas
  Ijyb (D:3)
  8 orc wizards
  6 gnolls
  18 adders
  6 river rats
  4 white imps
  An ufetubus (D:5)
  6 worms
  2 dart slugs
  46 orcs
  9 ball pythons
  11 endoplasms
  11 giant cockroaches
  4 goblins
  7 hobgoblins
  2 jackals (D:5)
  4 quokkas
  7 bats
  6 frilled lizards
  11 kobolds
  8 rats
  2 bushes (D:9)
291 creatures vanquished.

Vanquished Creatures (collateral kills)
  A ball python (D:4)
1 creature vanquished.

Vanquished Creatures (others)
  An orc warrior (D:10)
  A kobold brigand (D:6)
  4 fungi (D:9)
  14 plants (D:9)
  12 toadstools (D:9)
32 creatures vanquished.

Grand Total: 324 creatures vanquished

Notes
Turn   | Place    | Note
-------+----------+-------------------------------------------
     0 | D:1      | LFb77KmH the Minotaur Gladiator began the quest for the
                  | Orb.
     0 | D:1      | Reached XP level 1. HP: 18/18 MP: 0/0
   201 | D:1      | Found a faded altar of an unknown god.
   206 | D:1      | Reached XP level 2. HP: 7/25 MP: 1/1
   518 | D:1      | You fall into a shaft and drop 1 floor!
   552 | D:2      | Reached XP level 3. HP: 25/30 MP: 2/2
  1108 | D:2      | Reached skill level 1 in Armour
  1290 | D:2      | Reached XP level 4. HP: 36/37 MP: 3/3
  1501 | D:2      | Reached skill level 5 in Axes
  1761 | D:3      | Noticed a necrophage
  1821 | D:2      | Reached skill level 1 in Staves
  2137 | D:3      | Reached XP level 5. HP: 28/45 MP: 4/4
  2299 | D:3      | Noticed Ijyb
  2319 | D:3      | Killed Ijyb
  2320 | D:3      | Reached skill level 2 in Staves
  2599 | D:3      | Reached XP level 6. HP: 51/51 MP: 5/5
  2667 | D:3      | Noticed Jessica
  2668 | D:3      | Killed Jessica
  2674 | D:3      | Found a shimmering blue altar of Sif Muna.
  2682 | D:3      | Became a worshipper of Sif Muna the Loreminder
  2787 | D:3      | Found a sparkling altar of Nemelex Xobeh.
  3074 | D:4      | Found a shadowy altar of Dithmenos.
  3118 | D:4      | Found a glowing drain.
  3125 | Sewer    | Entered a sewer
  3230 | Sewer    | Reached skill level 3 in Staves
  3260 | Sewer    | Reached * piety under Sif Muna
  3337 | Sewer    | Reached skill level 1 in Shields
  3565 | Sewer    | Found a viscous altar of Jiyva.
  3646 | D:4      | Reached XP level 7. HP: 59/59 MP: 6/6
  3654 | D:4      | Learned a level 4 spell: Airstrike
  3804 | D:4      | Reached skill level 4 in Staves
  3862 | D:4      | Noticed Blork the orc
  3872 | D:4      | Killed Blork the orc
  3873 | D:4      | Reached skill level 1 in Stealth
  4134 | D:4      | Reached skill level 1 in Invocations
  4155 | D:4      | Found a bloodstained altar of Trog.
  4317 | D:5      | Entered Level 5 of the Dungeon
  4325 | D:5      | Noticed a wyvern
  4408 | D:5      | Reached skill level 5 in Staves
  4520 | D:5      | Found an opulent altar of Gozag.
  4540 | D:5      | Reached skill level 5 in Armour
  4540 | D:5      | Reached XP level 8. HP: 67/67 MP: 7/7
  4549 | D:5      | Reached ** piety under Sif Muna
  4550 | D:5      | Reached skill level 6 in Staves
  4598 | D:5      | Reached skill level 5 in Fighting
  4615 | D:5      | Reached skill level 7 in Staves
  4847 | D:5      | Found a staircase to the Ecumenical Temple.
  4867 | Temple   | Entered the Ecumenical Temple
  5221 | D:5      | Found a hazy altar of Hepliaklqana.
  5249 | D:5      | Found a snail-covered altar of Cheibriados.
  5333 | D:5      | Reached skill level 8 in Staves
  5433 | D:5      | Reached XP level 9. HP: 69/74 MP: 8/8
  5988 | D:6      | Reached skill level 9 in Staves
  6076 | D:6      | Reached skill level 5 in Dodging
  6203 | D:6      | Reached *** piety under Sif Muna
  6771 | D:7      | Reached skill level 10 in Staves
  6953 | D:7      | Found a runed translucent door.
  6954 | D:7      | Noticed Crazy Yiuf
  7256 | D:7      | Killed Crazy Yiuf
  7847 | D:8      | Found a shimmering altar of Xom.
  7907 | D:8      | Found a shimmering altar of Xom.
  7907 | D:8      | Found a shimmering altar of Xom.
  7911 | D:8      | Found a shimmering altar of Xom.
  7912 | D:8      | Found a shimmering altar of Xom.
  7912 | D:8      | Found a shimmering altar of Xom.
  7912 | D:8      | Found a shimmering altar of Xom.
  7912 | D:8      | Found a shimmering altar of Xom.
  7913 | D:8      | Found a shimmering altar of Xom.
  8075 | D:8      | Reached XP level 10. HP: 83/83 MP: 9/9
  8083 | D:8      | Noticed a glowing shapeshifter
  8083 | D:8      | an orc changed into a glowing shapeshifter
  8083 | D:8      | Noticed a glowing orange brain
  8083 | D:8      | a glowing shapeshifter changed into a glowing orange brain
  8085 | D:8      | Noticed a glowing shapeshifter
  8085 | D:8      | a glowing orange brain changed into a glowing shapeshifter
  8085 | D:8      | Noticed a glowing orange brain
  8085 | D:8      | a glowing shapeshifter changed into a glowing orange brain
  8087 | D:8      | Noticed a steelbarb worm
  8087 | D:8      | a glowing orange brain changed into a steelbarb worm
  8088 | D:8      | Noticed a glowing shapeshifter
  8088 | D:8      | a steelbarb worm changed into a glowing shapeshifter
  8088 | D:8      | Noticed a swamp dragon
  8088 | D:8      | a glowing shapeshifter changed into a swamp dragon
  8089 | D:8      | Noticed a glowing shapeshifter
  8089 | D:8      | a swamp dragon changed into a glowing shapeshifter
  8089 | D:8      | Noticed an anaconda
  8089 | D:8      | a glowing shapeshifter changed into an anaconda
  8092 | D:8      | Noticed a goliath frog
  8092 | D:8      | an anaconda changed into a goliath frog
  8093 | D:8      | Noticed a broodmother
  8093 | D:8      | a goliath frog changed into a broodmother
  8094 | D:8      | Noticed a radroach
  8094 | D:8      | a broodmother changed into a radroach
  8096 | D:8      | Noticed an ice dragon
  8101 | D:8      | Noticed a radroach
  8101 | D:8      | an ice dragon changed into a radroach
  8102 | D:8      | Noticed a broodmother
  8102 | D:8      | a radroach changed into a broodmother
  8104 | D:8      | Noticed a boulder beetle
  8104 | D:8      | a broodmother changed into a boulder beetle
  8105 | D:8      | Noticed a ghost moth
  8105 | D:8      | a boulder beetle changed into a ghost moth
  8108 | D:8      | Noticed a six-headed hydra
  8108 | D:8      | a ghost moth changed into a six-headed hydra
  8117 | D:8      | Noticed a jorogumo
  8118 | D:8      | Noticed an ettin
  8118 | D:8      | a jorogumo changed into an ettin
  8123 | D:8      | Noticed a goliath frog
  8129 | D:8      | Noticed an anaconda
  8129 | D:8      | a goliath frog changed into an anaconda
  8137 | D:8      | Killed an anaconda
  8138 | D:8      | Reached skill level 1 in Evocations
  8600 | D:9      | Found a sacrificial altar of Ru.
  8669 | D:9      | Reached **** piety under Sif Muna
  8678 | D:9      | Reached skill level 11 in Staves
  9277 | D:9      | Reached skill level 12 in Staves
  9516 | D:9      | Found a blossoming altar of Fedhas.
  9538 | D:9      | Noticed an oklob plant
 10149 | D:10     | Entered Level 10 of the Dungeon
 10154 | D:10     | Noticed a two-headed ogre
 10160 | D:10     | Killed a two-headed ogre
 10181 | D:10     | Reached ***** piety under Sif Muna
 10182 | D:10     | Reached XP level 11. HP: 85/92 MP: 10/10
 10400 | D:10     | Found a burning altar of Makhleb.
 10400 | D:10     | Noticed a two-headed ogre
 10432 | D:10     | a two-headed ogre changed into an eye of devastation
 10626 | D:10     | Blown up by an eye of devastation

Illustrated notes

Levels and vault maps discovered:
D:1:      ebering_trefoil_3fold, layout_rooms, ebering_ecumenical_altar_hall,
          chequers_serial_rivers_room_a, kennysheep_small_spiral, minmay_cupped
D:2:      layout_loops_cross
D:3:      layout_rooms, tgw_sif, nemelex_spade_bored_becter, uniq_ijyb
D:4:      layout_gridville, grunt_dithmenos_smoke_and_mirrors, trog_book,
          lightli_sewer_entry_pipes, uniq_blork_the_orc
D:5:      minmay_bubble_buster, layout_cave_pools, slow_altar_1,
          worldfamousw_hep_ancestral_shrine,
          nicolae_gozag_cash_rules_everything_around_me,
          minmay_temple_entry_junction_2, minmay_manual_mail
D:6:      layout_rooms
D:7:      layout_rooms, uniq_crazy_yiuf_cottage
D:8:      layout_basic, xom_redecorated
D:9:      layout_cave_pools, tgw_fedhas, mainiacjoe_overflow_cross_hatched
D:10:     hangedman_cross_cluster, layout_basic, serial_shops,
          nicolae_shop_statue_plus, nicolae_diode_stairs, uniq_sonja,
          uniq_gastronok
Temple:   hellmonk_temple_two_chambers

Skill      XL: |  1  2  3  4  5  6  7  8  9 10 11 |
---------------+----------------------------------+-----
Axes           | 4 5 |  5.1
Armour         | 1 2 3 5 6 7 9 |  9.8
Fighting       | 3 4 5 6 7 8 |  8.1
Staves         | 1 2 3 5 8 10 12 | 12.9
Dodging        | 4 5 6 |  6.5
Shields        | 1 2 4 |  4.7
Stealth        | 1 |  1.9
Invocations    | 1 |  1.2
Throwing       | 3 4 |  4.4
Evocations     | 1 2 |  2.1

Action                   |  1- 3 |  4- 6 |  7- 9 | 10-12 || total
-------------------------+-------+-------+-------+-------++-------
Melee: War axe           |    57 |       |       |       ||    57
       Headbutt          |     7 |    20 |    42 |    94 ||   163
       Quarterstaff      |     2 |   163 |   314 |   315 ||   794
Throw: Javelin           |     2 |     3 |     9 |       ||    14
       Dart              |       |     6 |    12 |     2 ||    20
       Throwing net      |       |     1 |     1 |     2 ||     4
Invok: Channel Magic     |       |       |     1 |       ||     1
Evoke: Wand              |       |       |     3 |    16 ||    19
  Use: Scroll            |     1 |     2 |     8 |     2 ||    13
       Potion            |       |     1 |       |     6 ||     7
Armor: Leather armour    |     5 |       |       |       ||     5
       Ring mail         |     3 |    22 |       |       ||    25
       Scale mail        |       |    33 |    94 |    82 ||   209
Dodge: Dodged            |    42 |   103 |   133 |    90 ||   368
Block: Other             |       |    20 |    52 |    52 ||   124
       Reflection        |       |       |     5 |     5 ||    10
